Unix NetHack Version 5.0.0-0 post-release - last build Jun 10 2026 00:39:30 (3ee93aec679c4c4259841fe613dc97188e26a321,branch:main).

Game began 2026-07-08 00:06:35, ended 2026-07-08 00:08:53.

DaveT, lawful male human Priest

                                -----
                                -.|.-
                                ....
                                -...--
                                |....---
                                |..%G..---
                                |...@.G..--
                                --..<.....|
                                 ---....` -
                                   --G....
                                     .......-
                                     G.......|
                                     ..........
                                     ---.-..----
                                        .. .|
                                         ----

DaveT the Aspirant           St:14 Dx:8 Co:11 In:13 Wi:18 Ch:11  Lawful
Dlvl:3  $:8  HP:0(21) Pw:22(22) AC:6  Xp:2 T:455 

Latest messages:
 The jackal bites!
 You kill the jackal!
 Welcome to experience level 2.
 There is a doorway here.
 You see here a jackal corpse.
 There is a jackal corpse here; eat it? [ynq] (n) y
 This jackal corpse is stringy.
 You finish eating the jackal corpse.
 You try to move the boulder, but in vain.
 You try to move the boulder, but in vain.
 The newt bites!
 You hit the newt.
 The newt bites!
 You miss the newt.
 You kill the newt!
 You see here a diamond ring.
 m - a diamond ring.
 What do you want to put on? [m or ?*] m
 Which ring-finger, Right or Left? [rl] l
 m - a diamond ring (on left hand).
 You see here a cram ration.
 n - a cram ration.
 You descend the stairs.
 You see here a pear.
 o - a pear.
 The gnome hits!
 You hit the gnome.
 You hit the gnome.
 The gnome picks up 2 tripe rations.
 You miss the gnome.
 The gnome throws a dagger!
 You are almost hit by a dagger.
 The gnome picks up a gem.
 The gnome hits!
 You hit the gnome.
 The gnome throws a dagger!
 You are hit by a dagger.
 You hit the gnome.
 The gnome hits!
 You hit the gnome.
 The gnome throws a dagger!
 You are hit by a dagger.
 The gnome hits!
 The gnome hits!
 You kill the gnome!
 The gnome wields a dagger!
 The gnome hits!
 You die...
 Do you want your possessions identified? [ynq] (y) y
 Do you want to see your attributes? [ynq] (y) q

Inventory:
 Coins    ('$')
  $ - 8 gold pieces
 Weapons  (')')
  a - a blessed +1 mace
 Armor    ('[')
  j - a +0 orcish helm (being worn)
  c - a +0 small shield (being worn)
  b - a blessed +0 robe (being worn)
 Comestibles  ('%')
  e - a clove of garlic
  n - a cram ration
  o - a pear
  f - a sprig of wolfsbane
 Spellbooks  ('+')
  h - a spellbook of cure blindness
  g - a spellbook of light
 Potions  ('!')
  l - a cursed potion of booze
  k - 3 potions of healing
  d - 4 potions of holy water
 Rings    ('=')
  m - a ring of protection from shape changers (on left hand)

DaveT the Priest's attributes:

Background:
 You were an Aspirant, a level 2 human Priest.
 You were lawful, on a mission for Blind Io
 who was opposed by The Lady (neutral) and Offler (chaotic).
 You were right-handed.
 You were in the Gnomish Mines, on level 3.
 You entered the dungeon 455 turns ago.
 It was the midnight hour.
 You had 28 experience points, 12 more were needed to attain level 3.

Basics:
 You had 0 out of 21 hit points.
 You had all 22 energy points (spell power).
 Your armor class was 6.
 Your wallet contained 8 zorkmids.
 Autopickup was off.

Final Characteristics:
 Your strength was 14 (limit:18/100).
 Your dexterity was 8 (limit:18).
 Your constitution was 11 (limit:18).
 Your intelligence was 13 (limit:18).
 Your wisdom was 18 (limit:18).
 Your charisma was 11 (limit:18).

Final Status:
 You weren't hungry.
 You were unencumbered.
 You were bare handed.
 You were unskilled in bare handed combat.

Final Attributes:
 You were fervently aligned.
 You were guarded.
 Your spell casting was enhanced by wearing a robe.
 You were protected from shape changers.
 You are dead.

Miscellaneous:
 You didn't encounter any bones levels.
 Total elapsed playing time was 2 minutes and 17 seconds.

Major events:
 Turn
    1: DaveT the lawful human Priest entered the dungeon
  445: entered the Gnomish Mines
  455: killed by a gnome

Spells:
 Name                 Level Category     Fail Retention
 light                  1   clerical       0%  91%-100%
 cure blindness         2   healing       50%  76%-100%

Skills:
 Fighting Skills
   bare handed combat [Unskilled]
 Weapon Skills
   club               [Unskilled]
   mace               [Basic]
   morning star       [Unskilled]
   flail              [Unskilled]
   hammer             [Unskilled]
   quarterstaff       [Unskilled]
   polearms           [Unskilled]
   spear              [Unskilled]
   trident            [Unskilled]
   lance              [Unskilled]
   bow                [Unskilled]
   sling              [Unskilled]
   crossbow           [Unskilled]
   dart               [Unskilled]
   shuriken           [Unskilled]
   boomerang          [Unskilled]
   unicorn horn       [Unskilled]
 Spellcasting Skills
   healing spells     [Unskilled]
   divination spells  [Unskilled]
   clerical spells    [Basic]

Voluntary challenges:
 Character rerolling was not enabled.
 You were an atheist.
 You were illiterate.
 You never genocided any monsters.
 You never polymorphed an object.
 You never changed form.
 You used no wishes.
Achievement:
 You entered the Gnomish Mines.

 The Dungeons of Doom: levels 1 to 2
    Level 1:
       An altar, a fountain.
    Level 2:
       Stairs down to The Gnomish Mines.
 The Gnomish Mines:
    Level 3: <- You were here.
       Final resting place for
          you, killed by a gnome.


Vanquished creatures:
  a gnome
  a jackal
  2 kobolds
  a goblin
  a grid bug
  a newt
7 creatures vanquished.

No species were genocided or became extinct.

Game over:
                       ----------
                      /          \
                     /    REST    \
                    /      IN      \
                   /     PEACE      \
                  /                  \
                  |      DaveT       |
                  |       8 Au       |
                  |   killed by a    |
                  |      gnome       |
                  |                  |
                  |                  |
                  |       2026       |
                 *|     *  *  *      | *
        _________)/\\_//(\/(/\)/\//\/|_)_______

Goodbye DaveT the Priest...

You died in The Gnomish Mines on dungeon level 3 with 220 points,
and 8 pieces of gold, after 455 moves.
You were level 2 with a maximum of 21 hit points when you died.

